Map: Congelamento ER

Players

CoronelX

  • Race: Protoss Protoss
  • League: Master
  • Spawn Location: 5:00

TheZergLord - Winner!

  • Race: Zerg Zerg
  • League: Master
  • Spawn Location: 7:00

VOD

Have the link to the VOD?

Description

Time

  • Played on: May 23, 2016, 3:53 p.m.
  • Length: 6:56
Show
View Real Time Build Order
Export as new Build Order

CoronelX Protoss 

Build Orders: 1 Gate Expand 

Get SALT Encoding   

  12  0:01  Probe (Chrono Boost)  
  13  0:11  Probe (Chrono Boost)  
  14  0:20  Pylon  
  14  0:22  Probe (Chrono Boost)  
  15  0:39  Probe (Chrono Boost)  
  15  0:42  Gateway  
  16  0:47  Assimilator  
  16  0:49  Probe (Chrono Boost)  
  17  1:00  Probe (Chrono Boost)  
  18  1:10  Probe (Chrono Boost)  
  19  1:29  Nexus  
  19  1:36  Cybernetics Core  
  19  1:41  Probe (Chrono Boost)  
  19  1:46  Assimilator  
  20  1:52  Probe (Chrono Boost)  
  21  2:02  Probe (Chrono Boost)  
  21  2:04  Pylon  
  22  2:13  Probe (Chrono Boost)  
  25  2:23  Stalker (Chrono Boost)  
  25  2:25  Mothership Core  
  27  2:31  Warp Gate (Chrono Boost)  
  27  2:39  Probe  
  28  2:46  Probe  
  28  2:49  Adept (Chrono Boost)  
  31  2:53  Probe  
  32  3:06  Probe  
  32  3:07  Twilight Council  
  33  3:15  Gateway  
  33  3:16  Gateway  
  33  3:28  Stargate  
  33  3:30  Probe  
  33  3:31  Probe  
  33  3:32  Stargate  
  35  3:40  Assimilator  
  35  3:42  Probe  
  35  3:44  Probe  
  37  3:52  Assimilator  
  37  3:54  Probe  
  38  3:56  Probe  
  39  4:06  Probe  
  39  4:08  Adept, Probe  
  45  4:17  Adept  
  45  4:26  Pylon  
  45  4:29  Pylon  
  45  4:32  Probe  
  46  4:42  Pylon  
  46  4:44  Phoenix x2 (Chrono Boost)  
  50  4:46  Pylon  
  50  4:47  Probe  
  50  4:50  Pylon  
  51  4:59  Probe x2  
  52  5:14  Probe  
  52  5:21  Probe  
  54  5:22  Nexus  
  54  5:26  Pylon, Probe  
  55  5:32  Phoenix (Chrono Boost)  
  57  5:40  Probe  
  58  5:48  Probe  
  58  5:49  Phoenix (Chrono Boost)  
  61  5:54  Adept x2, Phoenix (Chrono Boost)  
  64  5:58  Probe  
  64  6:12  Phoenix (Chrono Boost)  
  66  6:18  Sentry  
  66  6:19  Sentry  
  60  6:40  Zealot  
  54  6:47  Zealot  
  54  6:48  Zealot  
Show
View Real Time Build Order
Export as new Build Order

TheZergLord Zerg - Winner!

Build Orders: Hatch First 

Get SALT Encoding   

  12  0:02  Drone  
  13  0:12  Overlord  
  13  0:18  Drone  
  14  0:31  Drone x2  
  16  0:35  Drone  
  17  0:53  Hatchery  
  17  0:56  Drone  
  17  1:10  Spawning Pool  
  16  1:13  Drone  
  16  1:16  Extractor  
  16  1:17  Drone  
  17  1:21  Drone  
  18  1:29  Drone  
  19  1:40  Overlord  
  19  1:50  Drone  
  20  2:02  Queen  
  20  2:03  Zergling x2  
  20  2:05  Queen  
  20  2:06  Drone  
  26  2:13  Drone  
  27  2:17  Metabolic Boost  
  27  2:28  Drone x3  
  30  2:40  Hatchery  
  29  2:44  Drone  
  29  2:45  Drone  
  29  2:49  Drone  
  29  2:50  Drone  
  33  3:01  Overlord  
  33  3:02  Drone  
  33  3:09  Drone  
  33  3:11  Drone  
  35  3:19  Queen x2  
  39  3:24  Drone x2, Overlord  
  39  3:25  Drone  
  42  3:35  Zergling x4  
  44  3:43  Overlord  
  44  3:45  Drone x5  
  44  3:47  Drone x3  
  52  4:01  Extractor  
  52  4:02  Drone  
  52  4:03  Drone x3  
  52  4:07  Overlord  
  52  4:09  Drone  
  56  4:13  Drone  
  56  4:14  Drone  
  58  4:21  Zergling x6  
  58  4:23  Lair  
  61  4:28  Drone, Roach Warren  
  61  4:36  Zergling x8  
  61  4:37  Zergling x10  
  70  4:49  Zergling x2  
  70  4:50  Zergling x6  
  74  4:54  Overlord x2  
  74  4:57  Overlord x4  
  74  5:03  Evolution Chamber  
  74  5:06  Drone  
  73  5:13  Roach  
  73  5:14  Roach x6  
  87  5:25  Drone x3, Extractor  
  87  5:27  Glial Reconstitution  
  89  5:29  Roach x3  
  89  5:30  Roach x2  
  99  5:39  Spore Crawler  
  99  5:40  Spore Crawler  
  99  5:41  Spore Crawler  
  99  5:42  Drone  
  97  5:43  Drone x2  
  99  6:05  Drone  
  99  6:06  Roach  
  99  6:07  Roach x9  
  120  6:14  Drone  
  120  6:15  Drone  
  120  6:17  Overlord  
  120  6:18  Overlord x2  
  120  6:25  Overlord x2  
  120  6:26  Overlord x2  
  108  6:52  Hydralisk Den  
  116  6:55  Extractor  
  116  6:56  Extractor  
Tags
 
Add a new tag
Caveats
  • Supply blocks, unpowered buildings, or Contaminate may cause inaccurate times.
  • Supply counts are checked every 10 seconds.